 Dungeon Crawl Stone Soup version 0.28.0-53-g5a82cb258f (webtiles) character file.

Game seed: 11064776039930705100

32 jjjjhere the Chopper (level 3, -12/28 HPs)
             Began as a Minotaur Artificer on Sept 4, 2022.
             Was a Plaything of Xom.
             Mangled by Terence
             ... wielding a +3 flail of protection
              (16 damage)
             ... on level 2 of the Dungeon.
             The game lasted 00:01:34 (1211 turns).

jjjjhere the Chopper (Minotaur Artificer)           Turns: 1211, Time: 00:01:35

Health: -12/28     AC:  4    Str: 18    XL:     3   Next: 8%
Magic:  2/2        EV: 11    Int:  8    God:    Xom [..*...]
Gold:   22         SH:  0    Dex: 10    Spells: 2/2 levels left

rFire   . . .      SeeInvis .   f - +0 hand axe
rCold   . . .      Faith    .   (no shield)
rNeg    . . .      Spirit   .   b - +0 leather armour
rPois   .          Reflect  .   (helmet restricted)
rElec   .          Harm     .   i - +0 cloak
rCorr   .          Rampage  .   (no gloves)
Will    .....                   (no boots)
Stlth   +.........              (no amulet)
HPRegen 0.09/turn               (no ring)
MPRegen 0.08/turn               (no ring)

@: no status effects
A: horns 2, retaliatory headbutt
a: Renounce Religion


You were on level 2 of the Dungeon.
You worshipped Xom.
You were a toy of Xom.
You visited 1 branch of the dungeon, and saw 2 of its levels.

You collected 22 gold pieces.

Inventory:

Hand Weapons
 a - a +0 club
 f - a +0 hand axe (weapon)
Missiles
 g - 23 stones
 h - 26 sling bullets
Armour
 b - a +0 leather armour (worn)
 i - a +0 cloak (worn)
Wands
 c - a wand of flame (10) (quivered)
 d - a wand of charming (15)
Scrolls
 l - a scroll of immolation {unknown}
Potions
 j - a potion of curing {unknown}
 k - a potion of berserk rage {unknown}
Miscellaneous
 e - a piece from Xom's chessboard (11/15)


   Skills:
 - Level 1.3 Fighting
 + Level 3.3 Axes
 - Level 2.4 Armour
 - Level 1.1 Dodging
 - Level 0.7 Stealth
 - Level 2.6 Evocations


You had 2 spell levels left.
You didn't know any spells.
Your spell library was empty.

Dungeon Overview and Level Annotations

Branches:
Dungeon (2/15)

Altars:
Xom

Annotations:
D:2 Terence


Innate Abilities, Weirdness & Mutations

You have a pair of horns on your head.
You reflexively headbutt those who attack you in melee.


Message History

The kobold shouts!
The kobold throws a stone.
The stone hits you but does no damage.
A kobold is nearby!
A kobold is nearby!
The kobold closely misses you.
There is an open door here.
You hit the kobold but do no damage. The kobold closely misses you.
You furiously retaliate!
You headbutt the kobold!
You kill the kobold!
No target in view!
g - 23 stones (gained 4)
Things that are here:
a +0 dagger; a kobold corpse Key pressed, stopping explore.
You open the door.
There is an open door here.
You open the door.
There is an open door here.
Terence the Incautious comes into view.
He is wielding a +3 flail of protection.
Terence shouts!
You make a move on Xom's chessboard...
Terence seems to grow stronger.
Terence hits you with a +3 flail of protection!
You make a move on Xom's chessboard...
Terence twists and deforms.
Terence hits you but does no damage.
You make a move on Xom's chessboard...
Terence struggles to resist.
Terence closely misses you.
You make a move on Xom's chessboard...
Terence falls asleep!
The helpless Terence fails to defend himself.
You hit Terence.
Terence is lightly wounded.
Terence hits you with a +3 flail of protection!
You hit Terence. You headbutt Terence, but do no damage.
Terence is moderately wounded.
Terence hits you with a +3 flail of protection!
* * * LOW HITPOINT WARNING * * *
Terence shouts, "ATTACK!!!"
Terence hits you with a +3 flail of protection!
Ouch! That really hurt!
You die...
Xom howls with laughter!

♣♣♣.♣♣♣ #. ♣♣.....♣♣
#. ♣♣.......♣♣ #.
♣♣....#....♣♣#.
♣...≈≈.≈≈...♣#.
###♣...≈...≈...♣#.
#.'...#..#..#...'.
#.#♣...≈...≈...♣#.
####@#♣...≈≈.≈≈...♣#.
#..@.#♣♣....#....♣♣#.
#.#### ♣♣.......♣♣ #.
#.# ♣♣..†..♣♣ #. #.#
♣♣♣.♣♣♣ #. #....#
########'#######.
##.###
#.>.............. ...
#................ ###
#.....#.....#####


You could see Terence (strong, misshapen).

Vanquished Creatures
  A gnoll (D:1)
  2 endoplasms
  A giant cockroach (D:2)
  A goblin (D:1)
  2 hobgoblins
  3 kobolds
  2 quokkas (D:1)
  4 bats
  A frilled lizard (D:1)
  4 rats
21 creatures vanquished.

Notes
Turn   | Place    | Note
-------+----------+-------------------------------------------
     0 | D:1      | jjjjhere the Minotaur Artificer began the quest for the
                  | Orb.
     0 | D:1      | Reached XP level 1. HP: 16/16 MP: 0/0
   234 | D:1      | Reached skill level 1 in Axes
   485 | D:1      | Reached skill level 2 in Axes
   485 | D:1      | Reached XP level 2. HP: 18/23 MP: 1/1
   623 | D:1      | Found a faded altar of an unknown god.
   632 | D:1      | Prayed at the altar of an unknown god.
   632 | D:1      | Became a worshipper of Xom of Chaos
   773 | D:1      | Reached skill level 3 in Axes
   828 | D:1      | XOM: divination: detect items
  1134 | D:2      | Reached XP level 3. HP: 28/28 MP: 2/2
  1199 | D:2      | Noticed Terence
  1208 | D:2      | HP: 4/28 [Terence/+3 flail of protection (10)]
  1211 | D:2      | Mangled by Terence

Illustrated notes

Levels and vault maps discovered:
D:1:      heliophobic_arrival_glass_houses, layout_basic,
          hellmonk_ecumenical_altar_run_dry
D:2:      layout_basic, kennysheep_generic_room_2, uniq_terence

Skill      XL: |  1  2 |
---------------+-------+-----
Axes           | 2 3 |  3.3
Fighting       | |  1.3
Armour         | |  2.4
Dodging        | |  1.1
Stealth        | |  0.7
Evocations     | |  2.6

Action                   || total
-------------------------++-------
Melee: Hand axe          ||    49
       Club              ||     3
       Headbutt          ||     6
Evoke: Wand              ||     5
       Piece from Xom's  ||     4
 Stab: Sleeping          ||     1
Armor: Leather armour    ||    20
Dodge: Dodged            ||    44
